 Dungeon Crawl Stone Soup version 0.21-a0-442-g848f44b3bc (webtiles) character file.

54 MirrMurr the Sneak (level 3, -1/16 HPs)
             Began as a Spriggan Enchanter on Nov 18, 2017.
             Slain by Sigmund
             ... wielding a +0 scythe
              (12 damage)
             ... on level 2 of the Dungeon.
             The game lasted 00:04:44 (2016 turns).

MirrMurr the Sneak (Spriggan Enchanter)             Turns: 2016, Time: 00:04:44

Health: -1/16      AC:  2    Str:  5    XL:     3   Next: 66%
Magic:  2/9        EV: 18    Int: 16    God:
Gold:   41         SH:  0    Dex: 16    Spells: 6/9 levels left

rFire    . . .     SeeInvis +   a - +1 dagger
rCold    . . .     Gourm    .   (shield restricted)
rNeg     . . .     Faith    .   b - +0 robe
rPois    .         Spirit   .   (helmet restricted)
rElec    .         Reflect  .   (no cloak)
rCorr    .         Harm     .   (gloves unavailable)
MR       .....                  (boots unavailable)
Stlth    +++.......             (no amulet)
HPRegen  0.05/turn              (no ring)
MPRegen  0.11/turn              (no ring)

@: very slightly contaminated, very quick
A: unfitting armour, see invisible, herbivore 3, speed 3, slow metabolism 2
a: no special abilities


You were on level 2 of the Dungeon.
You were not hungry.

You visited 1 branch of the dungeon, and saw 2 of its levels.

You collected 41 gold pieces.

Inventory:

Hand Weapons
 a - a +1 dagger (weapon)
Missiles
 i - 49 stones (quivered)
Armour
 b - a +0 robe (worn)
Scrolls
 h - a scroll of fear {unknown}
 j - a scroll of immolation {unknown}
 k - a scroll of identify
 l - a scroll of blinking
Potions
 e - a potion of lignification {unknown}
 f - a potion of resistance
 g - a potion of might
Books
 c - a book of Maledictions

   Spells                             Type                      Level
   a - Corona                         Hexes                        1
   b - Ensorcelled Hibernation        Hexes/Ice                    2
   c - Confuse                        Hexes                        3
   d - Tukima's Dance                 Hexes                        3
   e - Dazzling Spray                 Conjuration/Hexes            3
Comestibles
 d - a bread ration
 m - a fruit


   Skills:
 + Level 2.0 Short Blades
 - Level 3.0 Dodging
 + Level 5.1 Stealth
 * Level 3.5 Spellcasting
 + Level 4.3 Hexes


You had 6 spell levels left.
You knew the following spells:

 Your Spells              Type           Power        Failure   Level  Hunger
a - Ensorcelled Hibernat  Hex/Ice        #.....       11%         2    ##.....
X - Corona                Hex            ###....      3%          1    None


Dungeon Overview and Level Annotations

Branches:
Dungeon (2/15)

Altars:

Annotations:
D:2 Sigmund


Innate Abilities, Weirdness & Mutations

You are very small and have problems with some larger weapons.
You are too small for most types of armour.
You have supernaturally acute eyesight. (SInv)
You are a herbivore.
You cover ground extremely quickly.
You need consume almost no food.


Message History

Casting: Ensorcelled Hibernation
Confirm with . or Enter, or press ? or * to list all spells.
Aiming: Ensorcelled Hibernation
Press: ? - help, Shift-Dir - straight line, f/p - Sigmund
Aim: Sigmund, wielding a scythe and wearing a glowing robe (chance to defeat MR: 50%) Sigmund resists with almost no effort.
Sigmund points at you and mumbles some strange words.
The puff of flame hits you!
Casting: Ensorcelled Hibernation
Confirm with . or Enter, or press ? or * to list all spells.
Aiming: Ensorcelled Hibernation
Press: ? - help, Shift-Dir - straight line, f/p - Sigmund
Aim: Sigmund, wielding a scythe and wearing a glowing robe (chance to defeat MR: 50%) Sigmund looks drowsy...
The helpless Sigmund fails to defend himself.
You impale Sigmund!!
Sigmund is severely wounded.
Sigmund hits you from afar with a scythe!
Ouch! That really hurt!
You die...

### ..# ..# #.#
#.# ####.#### #.#
#.......# #.#
#.##.##@# #.#
#.##.##.# #.#
#.##.##@# #.#
#.#...#>#
#.########..###..#
............# #..#
####.#####..# #.##
####.# #.#...##
..##.# #.#..##
#.##.# #.#..#
#.##.# #.#..#


You could see Sigmund.

Vanquished Creatures
  3 oozes (D:1)
  2 leopard geckos (D:1)
  2 ball pythons
  2 giant cockroaches (D:1)
  3 hobgoblins (D:1)
  6 jackals
  5 kobolds (D:1)
  3 bats (D:1)
  7 goblins
  3 rats (D:1)
36 creatures vanquished.

Notes
Turn   | Place    | Note
-------+----------+-------------------------------------------
     0 | D:1      | MirrMurr the Spriggan Enchanter began the quest for the Orb.
     0 | D:1      | Reached XP level 1. HP: 9/9 MP: 5/5
   629 | D:1      | Reached XP level 2. HP: 13/13 MP: 6/6
   633 | D:1      | Learned a level 2 spell: Ensorcelled Hibernation
  1231 | D:1      | Reached XP level 3. HP: 13/16 MP: 5/8
  1517 | D:1      | Reached skill level 5 in Stealth
  1839 | D:2      | Noticed Sigmund
  2016 | D:2      | Slain by Sigmund

Vault maps used:
D:1:      dpeg_arrival_stonehenge_8_columns
D:2:      kennysheep_vampire_church, first_bread, uniq_sigmund

Skill      XL: |  1  2  3 |
---------------+----------+-----
Hexes          | 4 |  4.3
Spellcasting   | 3 |  3.5
Stealth        | 5 |  5.1
Short Blades   | 2 |  2.0
Dodging        | |  3.0

Action                   || total
-------------------------++-------
Melee: Dagger            ||    91
 Cast: Corona            ||     3
       Ensorcelled Hiber ||    21
  Use: Scroll            ||     4
 Stab: Sleeping          ||    27
Armor: Robe              ||     5
Dodge: Dodged            ||    64

Table legend:
 A = Spawn XP
 B = Non-spawn XP
 C = Spawn XP percentage of total XP
 D = Spawn monster count
 E = Non-spawn monster count
 F = Spawn count percentage of total count
 G = Total turns spent on level
                    A         B        C        D         E        F      G
               +---------+---------+-------+---------+---------+-------+---------
         Total |       0 |      78 |   0.0 |       0 |      36 |   0.0 |  2016
               +---------+---------+-------+---------+---------+-------+---------
           D:1 |       0 |      66 |   0.0 |       0 |      29 |   0.0 |  1845
           D:2 |       0 |      12 |   0.0 |       0 |       7 |   0.0 |   171
               +---------+---------+-------+---------+---------+-------+---------
